 Dungeon Crawl Stone Soup version 0.29.1-1-gd02db6906a (webtiles) character file.

Game seed: 4567847924421529173

338 LustLizard the Sneak (level 6, -1/30 HPs)
             Began as a Spriggan Arcane Marksman on Sept 23, 2022.
             Was an Initiate of Dithmenos.
             Slain by a hound (4 damage)
             ... on level 6 of the Dungeon.
             The game lasted 00:07:22 (2480 turns).

LustLizard the Sneak (Spriggan Arcane Marksman)     Turns: 2480, Time: 00:07:23

Health: -1/30      AC:  4    Str:  6    XL:     6   Next: 29%
Magic:  9/9        EV: 17    Int: 14    God:    Dithmenos [......]
Gold:   266        SH:  0    Dex: 18    Spells: 6/7 levels left

rFire   + . .      SeeInvis +   a - +1 sling
rCold   + . .      Faith    .   (no shield)
rNeg    . . .      Spirit   .   c - +0 robe
rPois   .          Reflect  .   j - +2 hat
rElec   .          Harm     .   u - scarf {rC+ rF+}
rCorr   .          Rampage  .   (gloves unavailable)
Will    .....                   (boots unavailable)
Stlth   +++.......              (no amulet)
HPRegen 0.10/turn               (no ring)
MPRegen 0.11/turn               (no ring)

@: brilliant, weak-willed, very quick
A: very small, no large weapons, unfitting armour, see invisible, speed 3
a: Renounce Religion


You were on level 6 of the Dungeon.
You worshipped Dithmenos.
Dithmenos was noncommittal.
You visited 2 branches of the dungeon, and saw 7 of its levels.

You collected 266 gold pieces.

Inventory:

Hand Weapons
 a - a +1 sling (weapon)
 q - a +2 dagger of venom
 x - the +8 rapier of Honour {spect, rC+ Int+5}
   (You found it on level 7 of the Dungeon)

   When its wielder attacks, the weapon's spirit leaps out and strikes again.
   The spirit shares a part of any damage it takes with its wielder.
   Int:       It affects your intelligence (+5).
   rC:        It protects you from cold.
Armour
 c - a +0 robe (worn)
 j - a +2 hat (worn)
 u - a scarf of resistance (worn)
Wands
 w - a wand of mindburst (17)
Scrolls
 b - 2 scrolls of poison
 k - a scroll of silence {unknown}
 l - a scroll of torment {unknown}
 n - a scroll of blinking {unknown}
 o - a scroll of fear {unknown}
 r - a scroll of butterflies {unknown}
 s - a scroll of summoning {unknown}
Potions
 f - a potion of invisibility {unknown}
 g - a potion of magic {unknown}
 h - a potion of degeneration {unknown}
 i - a potion of brilliance
 m - a potion of haste {unknown}
 p - a potion of flight {unknown}
 t - a potion of might
 v - a potion of lignification {unknown}


   Skills:
 + Level 2.2 Fighting
 * Level 4.4 Ranged Weapons
 - Level 2.6 Dodging
 * Level 6.0 Stealth
 - Level 1.3 Spellcasting
 - Level 4.0 Hexes


You had 6 spell levels left.
You knew the following spells:

 Your Spells              Type           Power      Damage    Failure   Level
a - Slow                  Hex            72%        N/A       4%          1

Your spell library contained the following spells:

 Spells                   Type           Power      Damage    Failure   Level
 Inner Flame              Hex/Fire       9%         N/A       32%         3
 Portal Projectile        Hex/Tloc       18%        N/A       32%         3
 Cause Fear               Hex            9%         N/A       43%         4
 Fireball                 Conj/Fire      0%         3d3       100%        5
 Starburst                Conj/Fire      0%         6d3       100%        6
 Ignition                 Fire           0%         3d3       100%        8


Dungeon Overview and Level Annotations

Branches:
Dungeon (7/15)             Temple (1/1) D:7

Altars:
Dithmenos
Hepliaklqana
Kikubaaqudgha
Ru
Sif Muna
Zin

Shops:
D:1 [[

Annotations:
D:4 Dowan


Innate Abilities, Weirdness & Mutations

You are very small and have problems with some larger weapons.
You are too small for most types of armour.
You have supernaturally acute eyesight. (SInv)
You cover ground extremely quickly. (Speed+++)


Message History

There is an escape hatch in the ceiling here.
The centaur shoots an arrow.
The arrow barely misses you.
The centaur shoots an arrow.
The arrow hits you!
* * * LOW HITPOINT WARNING * * *
A mysterious force pulls you upwards. The hatch slams shut behind you.
You open the door.
A jelly comes into view.
Found 10 gold pieces.
The jelly quivers.
Found a robe.
Found a spear.
An adder comes into view.
The adder hisses angrily.
The sky beast flickers out of sight for a moment.
A hound comes into view.
The hound bites you.
* * * LOW HITPOINT WARNING * * *
The hound closely misses you. The hound barely misses you.
You hear a distant slurping noise.
You open the door.
An orc priest and 3 orc wizards come into view.
The hound completely misses you.
Found a copper ring.
The hound misses you.
You open the door. The hound closely misses you.
There is an open door here.
As you read the scroll labelled JIXAOC UNESK, it crumbles to dust.
You hear a loud clanging noise!
It was a scroll of noise.
You hear a loud, deep croak!
You hear a shout! x5
The hound bites you.
* * * LOW HITPOINT WARNING * * *
It was a potion of brilliance.
You feel clever all of a sudden. The hound closely misses you.
As you read the scroll labelled RUSIMUZUXE, it crumbles to dust.
Magic quickly surges around you.
It was a scroll of vulnerability.
The hound bites you.
You die... ..o o.o

... o.. ... ...
.#'###############
.#....#....#.....#
.#....'....#...h@#
.#+#..#.....#....#
....##############
....# .Y..# S...#
####..# ..#..# #
.........# #
.........#


You could see a hound (weak-willed).

Vanquished Creatures
  A black bear (D:4)
  A scorpion (D:4)
  A hound (D:4)
  Terence (D:2)
  An orc wizard (D:3)
  4 adders
  A worm (D:2)
  4 dart slugs
  7 endoplasms
  5 giant cockroaches
  4 hobgoblins
  4 jackals (D:1)
  5 kobolds
  2 quokkas
  5 ball pythons
  7 bats
  2 frilled lizards
  8 goblins
  8 rats
71 creatures vanquished.

Notes
Turn   | Place    | Note
-------+----------+-------------------------------------------
     0 | D:1      | LustLizard the Spriggan Arcane Marksman began the quest for
                  | the Orb.
     0 | D:1      | Reached XP level 1. HP: 9/9 MP: 3/3
    79 | D:1      | Reached skill level 1 in Stealth
    90 | D:1      | Reached XP level 2. HP: 12/14 MP: 5/5
   180 | D:1      | Reached skill level 1 in Fighting
   298 | D:1      | Found Xeevixoz's Armour Emporium.
   363 | D:1      | Found a faded altar of an unknown god.
   374 | D:1      | Reached skill level 2 in Stealth
   552 | D:1      | Found Lustroso's Armour Boutique.
   564 | D:1      | Reached XP level 3. HP: 18/18 MP: 6/6
   925 | D:2      | Noticed Terence
   983 | D:2      | Killed Terence
   984 | D:2      | Reached skill level 3 in Stealth
   984 | D:2      | Reached XP level 4. HP: 22/22 MP: 7/7
  1455 | D:3      | Reached skill level 4 in Stealth
  1471 | D:3      | Found a sacrificial altar of Ru.
  1581 | D:3      | Reached XP level 5. HP: 26/26 MP: 8/8
  2162 | D:4      | Noticed a black bear
  2223 | D:4      | Killed a black bear
  2224 | D:4      | Reached skill level 5 in Stealth
  2224 | D:4      | Reached XP level 6. HP: 30/30 MP: 9/9
  2262 | D:4      | Reached skill level 6 in Stealth
  2300 | D:4      | Noticed Dowan
  2328 | D:4      | You fall into a shaft and drop 3 floors!
  2343 | D:7      | Identified the +8 rapier of Honour {spect, rC+ Int+5}
  2358 | D:7      | Found a shimmering blue altar of Sif Muna.
  2362 | D:7      | Found a staircase to the Ecumenical Temple.
  2371 | Temple   | Entered the Ecumenical Temple
  2376 | Temple   | Became a worshipper of Dithmenos the Shadowed
  2406 | D:6      | Noticed a sky beast
  2480 | D:6      | Slain by a hound

Illustrated notes

Levels and vault maps discovered:
D:1:      roderic_chinese_lattice_arrival, layout_basic,
          hellmonk_ecumenical_altar_arch_garden, serial_shops, shop, shop_coins,
          minivault_25, kennysheep_pointless_box
D:2:      layout_basic, uniq_terence
D:3:      layout_rooms, nicolae_ru_great_annihilating_truth
D:4:      layout_loops_ring, kb_xom_exploding_sheep, uniq_duvessa
D:6:      layout_gridville, nicolae_qazlal_eye_of_the_storm
D:7:      layout_basic, mainiacjoe_overflow_tiny_flanked,
          minmay_temple_entry_junction, uniq_menkaure
Temple:   nicolae_temple_bog_church

Skill      XL: |  1  2  3  4  5  6 |
---------------+-------------------+-----
Stealth        | 1 2 3 4 5 6 |  6.0
Fighting       | 1 2 |  2.2
Hexes          | 4 |  4.0
Ranged Weapons | 3 4 |  4.4
Dodging        | |  2.6
Spellcasting   | |  1.3

Action                   |  1- 3 |  4- 6 || total
-------------------------+-------+-------++-------
 Fire: Sling             |   118 |   128 ||   246
 Cast: Slow              |     2 |    12 ||    14
  Use: Scroll            |       |     2 ||     2
       Potion            |       |     1 ||     1
Armor: Robe              |     4 |     8 ||    12
Dodge: Dodged            |    20 |    32 ||    52
